 Dungeon Crawl Stone Soup version 0.28.0-43-g3370ac3207 (webtiles) character file.

Game seed: 4032085627215125591

64 Kaptain the Digger (level 4, 0/25 HPs)
             Began as a Gargoyle Earth Elementalist on Mar 5, 2022.
             Slain by an orc
             ... wielding a +0 hand axe
              (5 damage)
             ... on level 3 of the Dungeon.
             The game lasted 00:04:16 (2149 turns).

Kaptain the Digger (Gargoyle Earth Elementalist)    Turns: 2149, Time: 00:04:16

Health: 0/25       AC:  6    Str: 11    XL:     4   Next: 12%
Magic:  1/7        EV: 11    Int: 18    God:
Gold:   127        SH:  0    Dex: 10    Spells: 3/7 levels left

rFire   . . .      SeeInvis .   q - +2 short sword (elec)
rCold   . . .      Faith    .   (no shield)
rNeg    + . .      Spirit   .   h - +0 leather armour
rPois   ∞          Reflect  .   (no helmet)
rElec   +          Harm     .   (no cloak)
rCorr   .          Rampage  .   (no gloves)
Will    .....                   (no boots)
Stlth   +.........              (no amulet)
HPRegen 0.08/turn               p - ring of wizardry
MPRegen 0.10/turn               (no ring)

@: confused, invisible
A: sickness immunity, AC +3, negative energy resistance 1, electricity
resistance, torment resistance 1, petrification resistance
a: no special abilities


You were on level 3 of the Dungeon.
You visited 1 branch of the dungeon, and saw 3 of its levels.

You collected 127 gold pieces.

Inventory:

Hand Weapons
 q - a +2 short sword of electrocution (weapon)
Missiles
 c - 46 stones (quivered)
 l - 2 poisoned darts
Armour
 h - a +0 leather armour (worn)
Jewellery
 p - a ring of wizardry (left hand)
Wands
 n - a wand of acid (9)
Scrolls
 a - a scroll of summoning {unknown}
 b - a scroll of enchant weapon {unknown}
 d - 3 scrolls of teleportation {unknown}
 e - 2 scrolls of identify {unknown}
 g - 2 scrolls of vulnerability {unknown}
 j - a scroll of fog {unknown}
 k - a scroll of brand weapon {unknown}
 o - a scroll of enchant armour {unknown}
Potions
 i - a potion of invisibility
 m - a potion of attraction {unknown}


   Skills:
 + Level 1.0 Fighting
 + Level 1.1 Armour
 + Level 1.9 Dodging
 + Level 2.4 Stealth
 * Level 2.4 Spellcasting
 * Level 1.4 Conjurations
 - Level 0.7 Transmutations
 * Level 4.1 Earth Magic


You had 3 spell levels left.
You knew the following spells:

 Your Spells              Type           Power      Damage    Failure   Level
a - Sandblast             Erth           34%        2d9       1%          1
b - Stone Arrow           Conj/Erth      24%        3d8       9%          3

Your spell library contained the following spells:

 Spells                   Type           Power      Damage    Failure   Level
 Passwall                 Tmut/Erth      9%         N/A       5%          2
 Sting                    Tmut/Pois      12%        1d3       9%          1
 Poisonous Vapours        Pois/Air       4%         N/A       14%         2
 Ozocubu's Armour         Ice            2%         N/A       26%         3
 Petrify                  Tmut/Erth      11%        N/A       32%         4
 Olgreb's Toxic Radiance  Pois           2%         N/A       63%         4
 Ozocubu's Refrigeration  Ice            1%         4d5       100%        7


Dungeon Overview and Level Annotations

Branches:
Dungeon (3/15)

Altars:
Uskayaw
Vehumet


Innate Abilities, Weirdness & Mutations

You are immune to sickness and miasma.
Your stone body is resilient. (AC +3)
You are immune to poison.
You resist negative energy. (rN+)
You are resistant to electric shocks. (rElec)
You are resistant to unholy torment.
You are immune to petrification.


Message History

The orc is severely wounded.
c - 46 stones The orc hits you but does no damage.
The orc wizard misses you.
Casting: Sandblast (safe; 1% risk of failure)
Confirm with . or Enter, or press ? or * to list all spells.
You don't have enough magic to cast this spell.
You hit the orc wizard but do no damage.
The orc hits you with a +0 hand axe. The orc wizard closely misses you.
The orc hits you but does no damage.
Unknown command.
You barely miss the orc wizard.
The orc wizard hits you with a +0 dagger.
The orc closely misses you.
Unknown command.
You hit the orc wizard but do no damage.
Lightning courses through the orc wizard!
The orc wizard is almost dead.
The orc wizard closely misses you. The orc closely misses you.
Unknown command.
You hit the orc wizard but do no damage.
The orc wizard is almost dead.
The orc wizard barely misses you. The orc hits you but does no damage.
Unknown command.
You hit the orc wizard.
The orc wizard is almost dead.
An orc comes into view. It is wielding a +0 hand axe.
The orc wizard gestures at you while chanting.
You are confused.
The orc barely misses you.
The orc shouts!
You miss the orc wizard.
The orc wizard is almost dead.
The orc wizard hits you with a +0 dagger.
The orc hits you with a +0 hand axe.
* * * LOW HITPOINT WARNING * * *
Unknown command.
It was a potion of invisibility.
You fade into invisibility!
The orc hits you with a +0 hand axe.
You die...

### ...#########
..........######## # #
........>.........
..##.##.##.###...####.##
.... ...##...#.#.# #.##
.#...##.####.#.#.####.##
..$....o................
#....o@.)).......##...#
...=.#o#####)#.#....PP.#
##. ... #)#...#..♣♣..
..... ##.#.###P._...
...8.........)..##.♣PP.P
._.8..##...##..###.P..P.
...8..##..B#.)......PP.#
8888..##.......#####.###
.##.......#.....#


You could see an orc wizard and 2 orcs.

Vanquished Creatures
  An adder (D:2)
  A dart slug (D:2)
  3 orcs (D:3)
  4 ball pythons (D:1)
  5 bats
  3 endoplasms
  4 giant cockroaches
  4 goblins
  3 hobgoblins (D:1)
  A quokka (D:2)
  2 frilled lizards (D:1)
  3 kobolds
  16 rats
50 creatures vanquished.

Notes
Turn   | Place    | Note
-------+----------+-------------------------------------------
     0 | D:1      | Kaptain the Gargoyle Earth Elementalist began the quest for
                  | the Orb.
     0 | D:1      | Reached XP level 1. HP: 10/10 MP: 3/3
   212 | D:1      | Reached XP level 2. HP: 15/15 MP: 1/5
   747 | D:1      | Reached skill level 1 in Conjurations
  1038 | D:1      | Reached XP level 3. HP: 20/20 MP: 3/6
  1042 | D:1      | Learned a level 3 spell: Stone Arrow
  1404 | D:2      | Reached skill level 4 in Earth Magic
  1489 | D:2      | Found a radiant altar of Vehumet.
  1681 | D:2      | Reached skill level 1 in Armour
  1916 | D:2      | Reached skill level 1 in Fighting
  1970 | D:3      | Found a faded altar of an unknown god.
  2028 | D:3      | Reached XP level 4. HP: 18/25 MP: 5/7
  2134 | D:3      | Found a hide-covered altar of Uskayaw.
  2149 | D:3      | Slain by an orc

Illustrated notes

Levels and vault maps discovered:
D:1:      dpeg_arrival_round_c, layout_basic, serial_forest,
          infiniplex_forest_straight_5, infiniplex_forest_join,
          infiniplex_forest_lined_room_2, infiniplex_forest_clump_large,
          minmay_misc_feat_alley
D:2:      layout_rooms, serial_rivers, chequers_serial_rivers_marsh,
          chequers_serial_rivers_marsh, chequers_serial_rivers_room_b,
          chequers_serial_rivers_large_b, basic_altar, minmay_rat_gold_closets
D:3:      layout_basic, nemelex_xobeh_ov_fountains_minmay,
          mainiacjoe_overflow_chevrons, ebering_ecumenical_altar_petrified

Skill      XL: |  1  2  3 |
---------------+----------+-----
Conjurations   | 1 |  1.4
Earth Magic    | 4 |  4.1
Armour         | 1 |  1.1
Fighting       | 1 |  1.0
Dodging        | |  1.9
Stealth        | |  2.4
Spellcasting   | |  2.4
Transmutations | |  0.7

Action                   |  1- 3 |  4- 6 || total
-------------------------+-------+-------++-------
Melee: Dagger            |    22 |       ||    22
       Short sword       |     5 |     9 ||    14
Throw: Dart              |     4 |       ||     4
       Stone             |     2 |       ||     2
 Cast: Sandblast         |    53 |    13 ||    66
  Use: Potion            |       |     1 ||     1
Armor: Robe              |    10 |       ||    10
       Leather armour    |     6 |     5 ||    11
Dodge: Dodged            |    24 |    11 ||    35
